 Dungeon Crawl Stone Soup version 0.25.0-41-g26779e291d (console) character file.

Game seed: 12080536988157723681

211 Kagalorn the Chopper (level 5, -1/47 HPs)
             Began as a Minotaur Chaos Knight on July 10, 2020.
             Was a Plaything of Xom.
             Slain by Grinder (8 damage)
             ... on level 4 of the Dungeon.
             The game lasted 00:05:27 (3094 turns).

Kagalorn the Chopper (Minotaur Chaos Knight)        Turns: 3094, Time: 00:05:28

Health: -1/47      AC:  8    Str: 17    XL:     5   Next: 57%
Magic:  4/4        EV: 11    Int: 15    God:    Xom [......]
Gold:   136        SH:  0    Dex: 10    Spells: 4/4 levels left

rFire    . . .     SeeInvis .   a - +1 hand axe (chaos)
rCold    . . .     Gourm    .   (no shield)
rNeg     . . .     Faith    .   m - +0 ring mail
rPois    .         Spirit   .   (helmet restricted)
rElec    .         Reflect  .   u - +0 cloak
rCorr    .         Harm     .   q - +0 pair of gloves
MR       .....                  (no boots)
Stlth    ..........             (no amulet)
HPRegen  0.15/turn              h - +6 ring of intelligence
MPRegen  0.09/turn              y - ring of attention (curse)

@: no status effects
A: retaliatory headbutt, horns 2
a: Renounce Religion


You were on level 4 of the Dungeon.
You worshipped Xom.
You were a very special plaything of Xom.
You were not hungry.

You visited 1 branch of the dungeon, and saw 4 of its levels.

You collected 136 gold pieces.

Inventory:

Hand Weapons
 a - a +1 hand axe of chaos (weapon)
Missiles
 e - 67 stones (quivered)
 j - 11 poisoned darts
Armour
 m - a +0 ring mail (worn)
 q - a +0 pair of gloves (worn)
 u - a +0 cloak (worn)
Jewellery
 h - a +6 ring of intelligence (left hand)
 y - a cursed ring of attention (right hand)
Wands
 z - a wand of iceblast (7)
Scrolls
 b - a scroll of fear {unknown}
 f - 3 scrolls of teleportation
 g - 2 scrolls of enchant weapon
 o - 4 scrolls of remove curse
 s - a scroll of magic mapping {unknown}
 v - 2 scrolls of amnesia {unknown}
 x - a scroll of identify {unknown}
Potions
 d - 2 potions of lignification {unknown}
 i - 2 potions of invisibility {unknown}
 k - a potion of might {unknown}
 l - 3 potions of resistance {unknown}
 n - a potion of stabbing {unknown}
 p - 3 potions of curing {unknown}
 t - a potion of haste {unknown}
Miscellaneous
 w - a phantom mirror
Comestibles
 c - 4 rations
 r - 2 chunks of flesh


   Skills:
 + Level 4.6 Fighting
 * Level 5.6 Axes
 + Level 3.7 Armour
 + Level 2.8 Dodging


You had 4 spell levels left.
You didn't know any spells.
Your spell library was empty.

Dungeon Overview and Level Annotations

Branches:
Dungeon (4/15)
 Temple: D:4-7

Altars:
Nemelex Xobeh
Okawaru
Qazlal
Trog

Annotations:
D:4 Grinder


Innate Abilities, Weirdness & Mutations

You reflexively headbutt those who attack you in melee.
You have a pair of horns on your head.


Message History

Xom thinks this is hilarious!
Grinder is moderately wounded. "See what I see, my child!"
You feel aware of your surroundings.
You are now a very special plaything of Xom.
Grinder hits you but does no damage.
You closely miss Grinder.
Grinder is moderately wounded.
Grinder hits you.
You writhe in agony.
Grinder gestures at you. Pain shoots through your body!
* * * LOW HITPOINT WARNING * * *
You closely miss Grinder. Your headbutt misses Grinder.
Grinder is moderately wounded.
Grinder hits you but does no damage.
You barely miss Grinder. You headbutt Grinder, but do no damage.
Grinder is moderately wounded.
Grinder hits you!
You die...
Xom laughs nastily!

#.......#, * ,
, #.......#,,
,, ,
#.......+,, , ,
, #.......#,, ,
#.......#,,*
*,,, #.......#
** **
#...)...#* *
**,,, ,∆
#.......#,,
,,*, #....@..#
,, ,,,
#....5..#,
,,,*, ,
#.......# * *
,, ,
#.........,,,,
,,, *
#..........,
,,, ,
#............,,
,,
#............,
,,,, ,
#............
,, **+ * ,, ,
***** ,,


You could see Grinder (fast, strong, agile).

Vanquished Creatures
  A bullfrog skeleton (D:2)
  A centaur skeleton (D:3)
  A killer bee zombie (D:3)
  5 adders
  2 worms (D:2)
  5 dart slugs
  4 leopard geckos
  3 orcs
  8 goblins
  6 hobgoblins
  3 jackals (D:1)
  3 quokkas (D:2)
  3 ball pythons
  3 bats
  2 frilled lizards
  10 kobolds
  9 rats
69 creatures vanquished.

Vanquished Creatures (collateral kills)
  A kobold (D:2)
1 creature vanquished.

Grand Total: 70 creatures vanquished

Notes
Turn   | Place    | Note
-------+----------+-------------------------------------------
     0 | D:1      | Kagalorn the Minotaur Chaos Knight began the quest for the
                  | Orb.
     0 | D:1      | Reached XP level 1. HP: 19/19 MP: 0/0
   147 | D:1      | Reached XP level 2. HP: 26/27 MP: 1/1
   180 | D:1      | Reached skill level 4 in Axes
   222 | D:1      | XOM: divination: detect items
   671 | D:1      | XOM: 8-stop teleportation journey
   906 | D:1      | Reached XP level 3. HP: 33/33 MP: 2/2
  1183 | D:2      | Reached XP level 4. HP: 38/40 MP: 3/3
  1218 | D:2      | XOM: cast spell 'Call Canine Familiar'
  1513 | D:2      | Found a sparkling altar of Nemelex Xobeh.
  1515 | D:2      | You fall into a shaft and drop 1 floor!
  1538 | D:3      | Reached skill level 5 in Axes
  1594 | D:2      | XOM: 4-stop teleportation journey
  1704 | D:2      | XOM: 3-stop teleportation journey
  1976 | D:2      | Found an iron altar of Okawaru.
  2087 | D:2      | Found a bloodstained altar of Trog.
  2382 | D:3      | Reached XP level 5. HP: 47/47 MP: 4/4
  2455 | D:3      | XOM: god gift: phantom mirror
  2605 | D:3      | Found a stormy altar of Qazlal.
  2616 | D:3      | Noticed a fire elemental
  2630 | D:3      | Noticed a water elemental
  2631 | D:3      | Noticed an air elemental
  3074 | D:4      | Noticed Grinder
  3075 | D:4      | XOM: divination: detect creatures
  3077 | D:4      | Paralysed by Grinder for 4 turns
  3081 | D:4      | XOM: divination: detect items
  3091 | D:4      | XOM: divination: magic mapping
  3094 | D:4      | Slain by Grinder

Illustrated notes

Levels and vault maps discovered:
D:1:      psy_arrival_basics, layout_basic
D:2:      layout_basic, lemuel_coloured_pillars_altar,
          overflow_temple_1_default, nemelex_altar_shiori
D:3:      layout_basic, first_ration, minmay_misc_feat_pillars,
          nicolae_qazlal_style_of_elements
D:4:      layout_gridville, uniq_grinder

Skill      XL: |  1  2  3  4 |
---------------+-------------+-----
Axes           | 4 5 |  5.6
Fighting       | 4 |  4.6
Armour         | 3 |  3.7
Dodging        | 2 |  2.8

Action                   |  1- 3 |  4- 6 || total
-------------------------+-------+-------++-------
Melee: Hand axe          |    58 |   113 ||   171
       Headbutt          |    12 |    17 ||    29
  Use: Scroll            |       |     3 ||     3
 Stab: Sleeping          |       |     1 ||     1
       Paralysed         |       |     1 ||     1
  Eat: Chunk             |     1 |     6 ||     7
Armor: Leather armour    |    15 |       ||    15
       Ring mail         |     1 |    43 ||    44
Dodge: Dodged            |    41 |    60 ||   101
